Workbook
Name Alberta: #REF!
Name Concordances_34_Etablissements: #REF!
Name Concordances_CLSC: #REF!
Name Concordances_MCT: #REF!
Name Concordances_Region: #REF!
Name Concordances_RTS: #REF!
Name Demandes_accès: [1]Data!$E$2:$E$6
Name Hôpital: #REF!
Name Liste_établissements: _xlfn.ANCHORARRAY(#REF!)
Name Municipalité: #REF!
Name REQUEST_DATE: #REF!
Name REQUESTER: #REF!
Name Type: #REF!
Name Universite: #REF!
Name Université: #REF!

Sheet Guide de l'utilisateur
C2: Guide de l'utilisateur Formulaire de déclaration des dépenses réelles engagées pour les services de collecte et de transport des matières recyclables effectués en régie interne Mise à jour: 2 mai 2025
C9: ="Version : "&Liste!$D$9 -> Version : 2025V2
C11: Table des matières
D13: 1. Introduction
D15: 2. Remboursement pour les services effectués en régie interne | AD15: ?
D17: 3. Étapes pour compléter le formulaire de déclaration
C19: 1. Introduction
D20: Le présent guide permet d’accompagner les organismes signataires (OS), qui effectuent la collecte et le transport des matières recyclables en régie interne, dans leur déclaration de renseignements trimestriels à Éco Entreprises Québec (ÉEQ). Le guide indique aux OS comment remplir la déclaration, les dépenses admissibles et non admissibles au remboursement versé par ÉEQ ainsi que les modalités d'ajustement.
D25: Les informations demandées dans le formulaire portent notamment sur :
F26: - Les informations générales de l’OS;
F27: - Le montant des dépenses admissibles pour la collecte et le transport effectués en régie interne.
C29: 2. Remboursement pour les services effectués en régie interne
D30: 2.1. Conditions générales
E31: Le remboursement est versé uniquement aux OS qui effectuent les services de collecte et transport des matières recyclables en régie interne. Les activités suivantes (Types de services rendus) sont incluses dans ces services :
G33: - Collecte et transport des matières recyclables en porte-à-porte;
G34: - Collecte et transport des matières recyclables dans les lieux publics extérieurs;
G35: - Transbordement;
G36: - Transport post-transbordement;
G37: - Collecte et transport des matières recyclables récupérées dans les écocentres.
E39: L'OS doit compléter le formulaire pour chaque Type de service rendu.
E41: Un formulaire devrait être complété pour chacun des organismes municipaux effectuant les services de collecte et transport en régie interne dans le cas où: - L'OS et des organismes municipaux du territoire d'application effectuent ces services; - Uniquement des organismes municipaux du territoire d'application effectuent ces services. Il est de la responsabilité de l'OS de l'entente de déclarer l'ensemble de ces montants dans la Plateforme de gestion contractuelle, et c'est l'OS qui recevra les sommes remboursées par ÉEQ et qui devra les redistribuer aux municipalités concernées, le cas échéant.
E49: Tous ces formulaires complétés doivent être joints à la déclaration de l’OS dans la Plateforme de gestion contractuelle.
D51: 2.2 Année de référence et ajustement
E52: Les données financières les plus récentes disponibles (états financiers audités) sont utilisées pour calculer le montant provisoire du remboursement de l’année en cours. Ce montant provisoire est divisé en quatre versements trimestriels égaux.
E56: Pour le 1er trimestre de l'année en cours:
F57: - | G57: L'OS complète le formulaire sur la base de ses dépenses annuelles réelles pour l'année de référence correspondant à l'année de ses états financiers les plus récents disponibles.
H59: Par exemple, au moment de faire sa déclaration pour le 1er trimestre de 2025, l'OS doit se baser sur les états financiers audités de l'année 2023 ou de l'année 2024 selon la disponibilité de ceux-ci.
F61: - | G61: L'OS déclare sur la Plateforme le montant du remboursement trimestriel calculé au moyen du formulaire (25% du montant annuel provisoire).
E64: Pour le 2e et le 3e trimestre de l'année en cours:
F65: - | G65: L'OS déclare sur la Plateforme le montant du remboursement trimestriel calculé au moyen du formulaire (25% du montant annuel provisoire), soit le même montant que celui déclaré au 1er trimestre.
E68: Pour le 4e trimestre de l'année en cours:
F69: - | G69: L'OS complète à nouveau le formulaire sur la base de ses dépenses annuelles réelles pour l'année de référence correspondant à l'année de ses états financiers les plus récents disponibles.
H71: Par exemple, au moment de faire sa déclaration pour le 4e trimestre de 2025, l'OS doit se baser sur les états financiers audités de l'année 2024 ou de l'année 2025 selon la disponibilité de ceux-ci.
F73: - | G73: L'OS déclare sur la Plateforme le montant calculé au moyen du formulaire et qui correspond à la somme de:
H74: 25% du montant annuel provisoire (même montant que trimestres 1, 2 et 3)
G75: +
H76: La différence entre les dépenses réelles de l'année de référence considérée au 1er trimestre et les dépenses réelles de l'année de référence considérée au 4e trimestre
E79: Ainsi, le versement fait par ÉEQ pour le 4e trimestre de l'année en cours intègre un ajustement de fin d’année qui permet de corriger le montant annuel du remboursement.
E82: Si les services en régie interne n’étaient pas offerts sur l’ensemble de l'une des années de référence, veuillez nous contacter par l'entremise d'une requête dans la Plateforme de gestion contractuelle, afin que nous puissions statuer sur le coût à indiquer dans le formulaire.
D86: 2.3 Méthodes comptables
E87: Immobilisations
E88: Les méthodes d’amortissement des immobilisations utilisées pour les fins du remboursement doivent être les mêmes que celles utilisées pour la préparation des états financiers des organismes municipaux.
E91: Ventilation des charges
E92: Uniquement les charges directement liées à la gestion des matières recyclables doivent être attribuées à cette activité. Les charges communes à plus d’une activité doivent être ventilées selon des clés de répartition raisonnables et comparables d’un exercice à l’autre. Dans le cas où la clé de répartition n’est pas jugée raisonnable par ÉEQ, le remboursement pour l'activité visée pourrait être refusé.
E97: Exemple d’une clé de répartition irraisonnable : 80% de l’amortissement des camions est inscrit dans les dépenses pour la gestion des matières recyclables alors que les camions sont utilisés pour la collecte de matières recyclables (2 jours/semaine) et pour la collecte des déchets (3 jours/semaine). L’utilisation d’un taux d’inclusion de 40% (2 jours sur 5) serait jugée raisonnable dans cette situation. Par ailleurs, un taux d'inclusion serait aussi applicable dans le cas d'un camion qui serait utilisé 2 jours/semaine pour la collecte des matières recyclables, mais non utilisé les autres jours de la semaine.
E104: Subventions et aides financières
E105: Le cas échéant, les subventions ou montants d’aide financière accordés et liés aux dépenses admissibles pour la collecte et le transport des matières recyclables doivent être déduits des montants déclarés par l’OS.
D108: 2.4 Règles générales pour l’admissibilité au remboursement
E109: ÉEQ rembourse à l’OS le montant correspondant à l’amortissement annuel du coût des immobilisations, ainsi que les frais annuels de financement (intérêts) de ces immobilisations, si applicables.
E112: L’amortissement annuel est calculé selon la méthode d’amortissement et la durée de vie utile utilisées par l’OS dans la préparation de ses états financiers.
E115: La dépense d’amortissement et les frais de financement déclarés à ÉEQ par l’OS doivent concorder avec les montants présentés aux états financiers audités de l’OS pour l’année visée.
D118: 2.5 Dépenses admissibles et non admissibles
E120: Dépenses admissibles | AK120: Dépenses non admissibles
E121: Rémunérations et charges sociales | P121: - Chauffeurs | AL121: - Les frais d’administration et de gestion, qui sont déjà couverts par l’entente; - Les charges non attribuables aux matières recyclables; - Le coût des terrains où se situent notamment les garages; - Toute autre activité ou tout service déjà remboursé ou compensé par ÉEQ.
P122: - Opérateurs
P123: - Éboueurs
P124: - Contremaîtres, superviseurs
P125: - Mécaniciens, soudeurs
P126: - Journaliers, préposés
E127: Frais de fonctionnement | P127: - Assurances pour les différentes immobilisations
P128: - Carburant et autres produits consommés pour les véhicules et la machinerie
P130: - Immatriculations pour les véhicules
P131: - Frais de réparation, d’entretien et de nettoyage des différentes immobilisations, incluant pièces de rechange et produits consommés
P134: - Frais liés au nettoyage d'un déversement
P135: - Électricité, chauffage des infrastructures et bâtiments
P137: - Vêtements, chaussures, accessoires et équipements de protection individuelle pour les employés
E140: Frais de location | P140: - Location de bâtiments ou de locaux
P141: - Location de véhicules, de machinerie et d’équipements
E143: Immobilisations | P143: Amortissement des immobilisations conformément aux méthodes comptables utilisées pour les organismes du secteur public :
Q146: - Infrastructures
Q147: - Bâtiments
Q148: - Véhicules
Q149: - Machinerie et outillage
Q150: - Équipement informatique et technologique
E151: Taxes | P151: Part de la TVQ non remboursée par le gouvernement provincial (lorsqu’applicable) | AL151: TPS (déjà remboursée aux municipalités)
C154: 3. Étapes pour remplir le formulaire de déclaration
E155: Étape 1 : Informations générales
F156: - | G156: Veuillez prendre connaissance du présent guide afin de remplir le formulaire de déclaration de façon adéquate.
F157: - | G157: Charte de couleurs
G158: - Les cellules à compléter (saisies manuelles) sont indiquées en vert.
G159: - Les cellules calculées automatiquement apparaissent en gris.
G160: - Les cellules en jaune doivent être lues avec une attention particulière.
G161: ? Cliquer sur la cellule pour obtenir des informations supplémentaires.
F162: - | G162: Nomenclature
G163: - T1 fait référence au trimestre 1
G164: - T2 fait référence au trimestre 2
G165: - T3 fait référence au trimestre 3
G166: - T4 fait référence au trimestre 4
E168: Étape 2 : Lors de la déclaration pour T1, compléter l'onglet: | AF168: « 1. Identité du requérant »
E170: Étape 3 : Lors de la déclaration pour T1, compléter l'onglet: | AF170: « 2. Remboursement T1, T2, T3 »
F171: - | G171: Veuillez cocher les cases qui s’appliquent aux services effectués en régie interne.
F173: - | G173: Veuillez fournir les dépenses réelles pour l'année de référence indiquée à la section 2.1, selon le type de service rendu. Pour plus d'informations, référez-vous à la section 2 « Remboursement pour les services effectués en régie interne » du présent guide.
E177: Étape 4 : Lors de la déclaration pour T4, compléter l'onglet: | AF177: « 3. Remboursement T4 »
F178: - | G178: Veuillez cocher les cases qui s’appliquent aux services offerts en régie interne.
F180: - | G180: Veuillez fournir les dépenses réelles pour l'année de référence indiquée à la section 3.1, selon le type de service rendu. Pour plus d'informations, référez-vous à la section 2 « Remboursement pour les services effectués en régie interne » du présent guide.
E184: Étape 5 : Lors de la déclaration pour T1, T2, T3 et T4, sauvegarder le formulaire complété et le transmettre à ÉEQ
F185: - | G185: Veuillez sauvegarder le formulaire complété sous le nom: "CT_regie_Indiquez le nom de l'OM_Tx" (x: précisez de quel trimestre il s'agit: T1; T2; T3 ou T4) et le transmettre à ÉEQ en le joignant à votre déclaration de service dans la Plateforme de gestion contractuelle.

Sheet 1. Identitié du requérant
C2: 1. Renseignements sur la déclaration
C8: ="Version : "&Liste!$D$9 -> Version : 2025V2
C10: Veuillez saisir les renseignements relatifs à l'organisation requérante ainsi que l'année pour laquelle un remboursement est demandé.
C12: Charte de couleurs
C13: - Les cellules à compléter (saisies manuelles) sont indiquées en vert.
C14: - Les cellules calculées automatiquement apparaissent en gris.
C15: - Les cellules en jaune doivent être lues avec une attention particulière.
C16: ? Cliquer sur la cellule pour obtenir des informations supplémentaires.
D18: 1.1 Organisme signataire
D19: Code de l'entente | AB19: Nom de l'organisme signataire
D24: Si l'OS effectue la déclaration pour plusieurs organismes municipaux, il faut compléter un formulaire par organisme municipal. Si cette situation ne vous concerne pas, vous pouvez ignorer la section 1.2.
D26: 1.2 Municipalité
D27: Nom de la municipalité | AD27: Code géographique
D32: 1.3 Année visée par la déclaration
D33: Année pour laquelle un remboursement est demandé
E35: 2025
D38: 1.4 Année de référence (en fonction des données financières les plus récentes disponibles)
E40: ="Est-ce que les états financiers audités de l'année "&E35&" seront disponibles avant le 15 février "&E35+1&"?" -> Est-ce que les états financiers audités de l'année 2025 seront disponibles avant le 15 février 2026? | AV40: Non
E42: Année de référence T1, T2, T3 (États financiers audités de l'année) | AV42: {=E35-_xlfn.SWITCH(AV40,"Oui",1,2)} -> 2023
E44: Année de référence T4 (États financiers audités de l'année) | AV44: {=E35-_xlfn.SWITCH(AV40,"oui",0,1)} -> 2024

Sheet 2. Remboursement T1, T2, T3
C2: 2. Type de service effectué en régie interne
C8: ="Version : "&Liste!$D$9 -> Version : 2025V2
C10: Veuillez prendre connaissance des conditions d'admissibilité des dépenses déclarées dans le guide de l'utilisateur avant de remplir la présente section. Il demeure de l'entière responsabilité de l'OS de ne déclarer que les dépenses admissibles au remboursement.
C14: Charte de couleurs
C15: - Les cellules à compléter (saisies manuelles) sont indiquées en vert.
C16: - Les cellules calculées automatiquement apparaissent en gris.
C17: - Les cellules en jaune doivent être lues avec une attention particulière.
C18: ? Cliquer sur la cellule pour obtenir des informations supplémentaires.
C20: 2.1 Type de service effectué en régie interne
C21: Services : | H21: ?
D23: ="Veuillez cocher les cases de gauche qui s’appliquent aux services effectués en régie interne. Si le service a débuté après le 1er janvier "&'1. Identitié du requérant'!AV42&", cochez la case de droite." -> Veuillez cocher les cases de gauche qui s’appliquent aux services effectués en régie interne. Si le service a débuté après le 1er janvier 2023, cochez la case de droite.
D26: Postes de dépenses admissibles :
E27: Veuillez vous référer à la section 2 « Remboursement pour les services effectués en régie interne » du guide de l'utilisateur pour remplir cette section.
E30: ="Veuillez déclarer 100% des dépenses réelles de "&'1. Identitié du requérant'!AV42&" pour les services de collecte et de transport effectués en régie interne correspondant au type de service rendu." -> Veuillez déclarer 100% des dépenses réelles de 2023 pour les services de collecte et de transport effectués en régie interne correspondant au type de service rendu.
AQ31: ="Service en régie débuté après le 1er janvier "&'1. Identitié du requérant'!AV42 -> Service en régie débuté après le 1er janvier 2023
D33: Sélectionner les services offerts:
E35: ? | F35: Collecte et transport des matières recyclables en porte-à-porte
G36: Rémunération et charges sociales
G37: Frais de fonctionnement
G38: Frais de location
G39: Amortissement annuel des immobilisations
G40: Frais de financement des immobilisations
G41: Part de la TVQ non remboursée par le gouvernement provincial
G43: ="Total des dépenses réelles de "&'1. Identitié du requérant'!AV42&" pour les services de collecte et transport des matières recyclables en porte-à-porte" -> Total des dépenses réelles de 2023 pour les services de collecte et transport des matières recyclables en porte-à-porte
AI45: =SUM(AI36:AQ41) -> 0
AI46: (A)
E47: ? | F47: Collecte et transport des matières recyclables dans les lieux publics extérieurs
G48: Rémunération et charges sociales
G49: Frais de fonctionnement
G50: Frais de location
G51: Amortissement annuel des immobilisations
G52: Frais de financement des immobilisations
G53: Part de la TVQ non remboursée par le gouvernement provincial
G55: ="Total des dépenses réelles de "&'1. Identitié du requérant'!AV42&" pour les services de collecte et transport des matières recyclables dans les lieux publics extérieurs" -> Total des dépenses réelles de 2023 pour les services de collecte et transport des matières recyclables dans les lieux publics extérieurs
AI57: =SUM(AI48:AQ53) -> 0
AI58: (B)
E59: ? | F59: Transbordement
G60: Rémunération et charges sociales
G61: Frais de fonctionnement
G62: Frais de location
G63: Amortissement annuel des immobilisations
G64: Frais de financement des immobilisations
G65: Part de la TVQ non remboursée par le gouvernement provincial
G67: ="Total des dépenses réelles de "&'1. Identitié du requérant'!AV42&" pour les services de transbordement" -> Total des dépenses réelles de 2023 pour les services de transbordement
AI68: =SUM(AI60:AQ65) -> 0
AI69: (C)
E70: ? | F70: Transport post-transbordement
G71: Rémunération et charges sociales
G72: Frais de fonctionnement
G73: Frais de location
G74: Amortissement annuel des immobilisations
G75: Frais de financement des immobilisations
G76: Part de la TVQ non remboursée par le gouvernement provincial
G78: ="Total des dépenses réelles de "&'1. Identitié du requérant'!AV42&" pour les services de transport post transbordement" -> Total des dépenses réelles de 2023 pour les services de transport post transbordement
AI79: =SUM(AI71:AQ76) -> 0
AI80: (D)
E81: ? | F81: Collecte et transport des matières recyclables récupérées dans les écocentres (contenants aérosol vides, contenants ou emballages de protection en polystyrène expansé, carton ondulé, contenants en verre, matières recyclables pêle-mêle)
G84: Rémunération et charges sociales
G85: Frais de fonctionnement
G86: Frais de location
G87: Amortissement annuel des immobilisations
G88: Frais de financement des immobilisations
G89: Part de la TVQ non remboursée par le gouvernement provincial
G91: ="Total des dépenses réelles de "&'1. Identitié du requérant'!AV42&" pour les services de collecte et transport des matières recyclables récupérées dans les écocentres" -> Total des dépenses réelles de 2023 pour les services de collecte et transport des matières recyclables récupérées dans les écocentres
AI93: =SUM(AI84:AQ89) -> 0
AI94: (E)
C97: 2.2 Unités d'occupations (u.o.) desservies par catégorie
C98: Catégorie :
D99: Cochez l'ensemble des catégories desservies et indiquez le nombre d'unités d'occupations (u.o.).
AR100: Nombre d'u.o.
F101: Maisons unifamiliales
F103: Résidences secondaires
F105: Multilogements
F107: Résidences pour personnes âgées
F109: Institutions d'enseignement (sauf universités)
F111: Bâtiments municipaux
F113: Industries, Commerces et institutions assimilables
F115: Industries, Commerces et institutions non assimilables
F117: Conteneurs ou bacs de lieux publics extérieurs
F119: Écocentres / autres points d'apport volontaire
D121: Autres:
C128: 2.2 Versement total
D130: Collecte et transport des matières recyclables en porte-à-porte | AM130: (A) | AO130: =AI45 -> 0
D132: Collecte et transport des matières recyclables dans les lieux publics extérieurs | AM132: (B) | AO132: =AI57 -> 0
D134: Transbordement | AM134: (C) | AO134: =AI68 -> 0
D136: Transport post-transbordement | AM136: (D) | AO136: =AI79 -> 0
D138: Collecte et transport des matières recyclables récupérées dans les écocentres | AM138: (E) | AO138: =AI93 -> 0
D140: ="Total des dépenses réelles de "&'1. Identitié du requérant'!AV42 -> Total des dépenses réelles de 2023 | AM140: (A)+(B)+(C)+(D)+(E)=(F) | AO140: =SUM(AO130:AW138) -> 0
D142: ="Montant à rapporter dans la déclaration pour les trimestres 1, 2 et 3 de l'année "&'1. Identitié du requérant'!E35&" :" -> Montant à rapporter dans la déclaration pour les trimestres 1, 2 et 3 de l'année 2025 :
AM143: (F)*25%=(G) | AO143: =(AI93+AI79+AI68+AI57+AI45)*0.25 -> 0
AS144: Montant à reporter dans la plateforme
C147: 2.3 Commentaires

Sheet 3. Remboursement T4
C2: 3. Type de service effectué en régie interne
C8: ="Version : "&Liste!$D$9 -> Version : 2025V2
C10: Veuillez prendre connaissance des conditions d'admissibilité des dépenses déclarées dans le guide d'utilisateur avant de remplir la présente section. Il demeure de l'entière responsabilité de l'OS de ne déclarer que les dépenses admissibles au remboursement.
C14: Charte de couleurs
C15: - Les cellules à compléter (saisies manuelles) sont indiquées en vert.
C16: - Les cellules calculées automatiquement apparaissent en gris.
C17: - Les cellules en jaune doivent être lues avec une attention particulière.
C18: ? Cliquer sur la cellule pour obtenir des informations supplémentaires.
C20: 3.1 Type de service rendu en régie interne
C21: Services : | H21: ?
D23: ="Veuillez cocher les cases de gauche qui s’appliquent aux services effectués en régie interne. Si le service a débuté après le 1er janvier "&'1. Identitié du requérant'!AV44&", cochez la case de droite." -> Veuillez cocher les cases de gauche qui s’appliquent aux services effectués en régie interne. Si le service a débuté après le 1er janvier 2024, cochez la case de droite.
D26: Postes de dépenses admissibles :
E27: Veuillez vous référer à la section 2 « Remboursement pour les services effectués en régie interne » du guide de l'utilisateur pour remplir cette section.
E30: ="Veuillez déclarer 100% des dépenses réelles de "&'1. Identitié du requérant'!AV44&" pour les services de collecte et de transport en régie interne correspondant au type de service rendu." -> Veuillez déclarer 100% des dépenses réelles de 2024 pour les services de collecte et de transport en régie interne correspondant au type de service rendu.
AQ31: ="Service en régie débuté après le 1er janvier "&'1. Identitié du requérant'!AV44 -> Service en régie débuté après le 1er janvier 2024
D33: Sélectionner les services offerts:
E35: ? | F35: Collecte et transport des matières recyclables en porte-à-porte
G36: Rémunération et charges sociales
G37: Frais de fonctionnement
G38: Frais de location
G39: Amortissement annuel des immobilisations
G40: Frais de financement des immobilisations
G41: Part de la TVQ non remboursée par le gouvernement provincial
G43: ="Total des dépenses réelles de "&'1. Identitié du requérant'!AV44&" pour les services de collecte et transport des matières recyclables en porte-à-porte" -> Total des dépenses réelles de 2024 pour les services de collecte et transport des matières recyclables en porte-à-porte
AI44: =SUM(AI36:AQ41) -> 0
AI45: (H)
E46: ? | F46: Collecte et transport des matières recyclables dans les lieux publics extérieurs
G47: Rémunération et charges sociales
G48: Frais de fonctionnement
G49: Frais de location
G50: Amortissement annuel des immobilisations
G51: Frais de financement des immobilisations
G52: Part de la TVQ non remboursée par le gouvernement provincial
G54: ="Total des dépenses réelles de "&'1. Identitié du requérant'!AV44&" pour les services de collecte et transport des matières recyclables dans les lieux publics extérieurs" -> Total des dépenses réelles de 2024 pour les services de collecte et transport des matières recyclables dans les lieux publics extérieurs
AI56: =SUM(AI47:AQ52) -> 0
AI57: (I)
E58: ? | F58: Transbordement
G59: Rémunération et charges sociales
G60: Frais de fonctionnement
G61: Frais de location
G62: Amortissement annuel des immobilisations
G63: Frais de financement des immobilisations
G64: Part de la TVQ non remboursée par le gouvernement provincial
G66: ="Total des dépenses réelles de "&'1. Identitié du requérant'!AV44&" pour les services de transbordement" -> Total des dépenses réelles de 2024 pour les services de transbordement
AI67: =SUM(AI59:AQ64) -> 0
AI68: (J)
E69: ? | F69: Transport post-transbordement
G70: Rémunération et charges sociales
G71: Frais de fonctionnement
G72: Frais de location
G73: Amortissement annuel des immobilisations
G74: Frais de financement des immobilisations
G75: Part de la TVQ non remboursée par le gouvernement provincial
G77: ="Total des dépenses réelles de "&'1. Identitié du requérant'!AV44&" pour les services de transport post transbordement" -> Total des dépenses réelles de 2024 pour les services de transport post transbordement
AI78: =SUM(AI70:AQ75) -> 0
AI79: (K)
E80: ? | F80: Collecte et transport des matières recyclables récupérées dans les écocentres (contenants aérosols vides, contenants ou emballages de protection en polystyrène expansé, carton ondulé, contenants en verre, matières pêle-mêle)
G83: Rémunération et charges sociales
G84: Frais de fonctionnement
G85: Frais de location
G86: Amortissement annuel des immobilisations
G87: Frais de financement des immobilisations
G88: Part de la TVQ non remboursée par le gouvernement provincial
G90: ="Total des dépenses réelles de "&'1. Identitié du requérant'!AV44&" pour les services de collecte et transport des matières recyclables récupérées dans les écocentres" -> Total des dépenses réelles de 2024 pour les services de collecte et transport des matières recyclables récupérées dans les écocentres
AI92: =SUM(AI83:AQ88) -> 0
AI93: (L)
C96: 2.2 Unités d'occupations (u.o.) desservies par catégorie
C97: Catégorie :
D98: Cochez l'ensemble des catégories desservies et indiquez le nombre d'unités d'occupations (u.o.).
AR99: Nombre d'u.o.
F100: Maisons unifamiliales
F102: Résidences secondaires
F104: Multilogements
F106: Résidences pour personnes âgées
F108: Institutions d'enseignement (sauf universités)
F110: Bâtiments municipaux
F112: Industries, Commerces et institutions assimilables
F114: Industries, Commerces et institutions non assimilables
F116: Conteneurs ou bacs de lieux publics extérieurs
F118: Écocentres / autres points d'apport volontaire
D120: Autres:
C127: 3.2 Versement total
D129: Collecte et transport des matières recyclables en porte-à-porte | AM129: (H) | AO129: =AI44 -> 0
D131: Collecte et transport des matières recyclables dans les lieux publics extérieurs | AM131: (I) | AO131: =AI56 -> 0
D133: Transbordement | AM133: (J) | AO133: =AI67 -> 0
D135: Transport post-transbordement | AM135: (K) | AO135: =AI78 -> 0
D137: Collecte et transport des matières recyclables récupérées dans les écocentres | AM137: (L) | AO137: =AI92 -> 0
D139: ="Total des dépenses réelles de "&'1. Identitié du requérant'!AV44 -> Total des dépenses réelles de 2024 | AM139: (H)+(I)+(J)+(K)+(L)=(M) | AO139: =AI92+AI78+AI67+AI56+AI44 -> 0
D140: ='2. Remboursement T1, T2, T3'!D140 -> Total des dépenses réelles de 2023
AM141: (F) | AO141: ='2. Remboursement T1, T2, T3'!AO140 -> 0
D143: ="Différence entre les dépenses réelles de "&'1. Identitié du requérant'!AV44&" et celles de "&'1. Identitié du requérant'!AV42 -> Différence entre les dépenses réelles de 2024 et celles de 2023 | AM143: (N) | AO143: =AO139-AO141 -> 0
D145: ="Montant rapporté dans la déclaration pour les trimestres 1, 2 et 3 de l'année "&'1. Identitié du requérant'!E35&" :" -> Montant rapporté dans la déclaration pour les trimestres 1, 2 et 3 de l'année 2025 :
AM146: (G) | AO146: ='2. Remboursement T1, T2, T3'!AO143 -> 0
D148: ="Montant à rapporter dans la déclaration pour le trimestre 4 de l'année "&'1. Identitié du requérant'!E35&" :" -> Montant à rapporter dans la déclaration pour le trimestre 4 de l'année 2025 :
AM149: (N)+(G)=(O) | AO149: =AO143+AO146 -> 0
AS150: Montant à reporter dans la plateforme
C153: 3.3 Commentaires

Sheet Liste
A1: ÉEQ
A7: Liste des trimestres | D7: Version | F7: Organisme | I7: Cocher
A8: Trimestre | B8: Période | D8: Version | F8: Nom_Organisme | G8: Code_Entente | I8: Cocher | K8: O_N
A9: 1 | B9: 1er janvier au 31 mars | D9: 2025V2 | F9: Abercorn | G9: EEQOM-46005-F1 | I9: X | K9: Oui
A10: 2 | B10: 1er avril au 30 juin | F10: Administration régionale Kativik (ARK) | G10: EEQOM-NR992-163 | K10: Non
A11: 3 | B11: 1er juillet au 30 septembre | F11: Agglomération de La Tuque | G11: EEQOM-AG900-57
A12: 4 | B12: 1er janvier au 31 décembre | F12: Agglomération de La Tuque | G12: EEQOM-AG900-F1
F13: Akwesasne | G13: EEQOM-69802-174
F14: Alleyn-et-Cawood | G14: EEQOM-84050-F1
F15: Aumond | G15: EEQOM-83090-425
F16: Baie-des-Sables | G16: EEQOM-08080-F1
F17: Bedford | G17: EEQOM-46035-F1
F18: Blue Sea | G18: EEQOM-83045-426
F19: Bolton-Ouest | G19: EEQOM-46065-F1
F20: Bouchette | G20: EEQOM-83050-F1
F21: Brigham | G21: EEQOM-46090-F1
F22: Bristol | G22: EEQOM-84005-F1
F23: Brome | G23: EEQOM-46070-F1
F24: Bromont | G24: EEQOM-46078-F1
... F333: Winneway/Long Point | G333: EEQOM-85804-182

Sheet Table
A1: Éco Entreprises Québec
A2: Tableau pour analyse des données
A4: Identité du requequérant (T_Déclaration_CTRI_Hdr)
A5: Nom_OS | B5: Code_Entente | C5: Nom_OM | D5: Code_OM | E5: Annee | F5: Version | G5: Q_Key | H5: Commentaire | I5: Q_Period_Ref | J5: PR_T123 | K5: PR_T4
A6: ='1. Identitié du requérant'!AC21 -> 0 | B6: ='1. Identitié du requérant'!E21 -> 0 | C6: ='1. Identitié du requérant'!E29 -> 0 | D6: ='1. Identitié du requérant'!AE29 -> 0 | E6: ='1. Identitié du requérant'!E35 -> 2025 | F6: {=T_Version[Version]} -> 2025V2 | G6: =E6&"|"&B6&"|"&D6&"|CTRI" -> 2025|0|0|CTRI | H6: ='2. Remboursement T1, T2, T3'!D149 -> 0 | I6: ='1. Identitié du requérant'!AV40 -> Non | J6: ='1. Identitié du requérant'!AV42 -> 2023 | K6: ='1. Identitié du requérant'!AV44 -> 2024
A8: Demande de remboursement (T_Déclaration_CTRI_Dtl)
A9: Q_Key | B9: Section | C9: Categorie | D9: Reponse | E9: Debut_2024_Ou_Apres | F9: Trim | G9: DESC_Depense | H9: Qty | I9: Montant
A10: {=T_Déclaration_CTRI_Hdr[Q_Key]} -> 2025|0|0|CTRI | B10: Services | C10: Collecte et transport des matières recyclables en porte-à-porte | D10: ='3. Remboursement T4'!$D$35 -> 0 | E10: ='3. Remboursement T4'!$AU$35 -> 0 | F10: 4 | G10: Rémunération et charges sociales | I10: ='3. Remboursement T4'!$AI$36 -> 0
A11: {=T_Déclaration_CTRI_Hdr[Q_Key]} -> 2025|0|0|CTRI | B11: Services | C11: Collecte et transport des matières recyclables en porte-à-porte | D11: ='3. Remboursement T4'!$D$35 -> 0 | E11: ='3. Remboursement T4'!$AU$35 -> 0 | F11: 4 | G11: Frais de fonctionnement | I11: ='3. Remboursement T4'!$AI$37 -> 0
A12: {=T_Déclaration_CTRI_Hdr[Q_Key]} -> 2025|0|0|CTRI | B12: Services | C12: Collecte et transport des matières recyclables en porte-à-porte | D12: ='3. Remboursement T4'!$D$35 -> 0 | E12: ='3. Remboursement T4'!$AU$35 -> 0 | F12: 4 | G12: Frais de location | I12: ='3. Remboursement T4'!$AI$38 -> 0
A13: {=T_Déclaration_CTRI_Hdr[Q_Key]} -> 2025|0|0|CTRI | B13: Services | C13: Collecte et transport des matières recyclables en porte-à-porte | D13: ='3. Remboursement T4'!$D$35 -> 0 | E13: ='3. Remboursement T4'!$AU$35 -> 0 | F13: 4 | G13: Amortissement annuel des immobilisations | I13: ='3. Remboursement T4'!$AI$39 -> 0
A14: {=T_Déclaration_CTRI_Hdr[Q_Key]} -> 2025|0|0|CTRI | B14: Services | C14: Collecte et transport des matières recyclables en porte-à-porte | D14: ='3. Remboursement T4'!$D$35 -> 0 | E14: ='3. Remboursement T4'!$AU$35 -> 0 | F14: 4 | G14: Frais de financement des immobilisations | I14: ='3. Remboursement T4'!AI40 -> 0
A15: {=T_Déclaration_CTRI_Hdr[Q_Key]} -> 2025|0|0|CTRI | B15: Services | C15: Collecte et transport des matières recyclables en porte-à-porte | D15: ='3. Remboursement T4'!$D$35 -> 0 | E15: ='3. Remboursement T4'!$AU$35 -> 0 | F15: 4 | G15: Part de la TVQ non remboursée par le gouvernement provincial | I15: ='3. Remboursement T4'!$AI$41 -> 0
A16: {=T_Déclaration_CTRI_Hdr[Q_Key]} -> 2025|0|0|CTRI | B16: Services | C16: Collecte et transport des matières recyclables dans les lieux publics extérieurs | D16: ='3. Remboursement T4'!$D$46 -> 0 | E16: ='3. Remboursement T4'!$AU$46 -> 0 | F16: 4 | G16: Rémunération et charges sociales | I16: ='3. Remboursement T4'!$AI$47 -> 0
A17: {=T_Déclaration_CTRI_Hdr[Q_Key]} -> 2025|0|0|CTRI | B17: Services | C17: Collecte et transport des matières recyclables dans les lieux publics extérieurs | D17: ='3. Remboursement T4'!$D$46 -> 0 | E17: ='3. Remboursement T4'!$AU$46 -> 0 | F17: 4 | G17: Frais de fonctionnement | I17: ='3. Remboursement T4'!$AI$48 -> 0
A18: {=T_Déclaration_CTRI_Hdr[Q_Key]} -> 2025|0|0|CTRI | B18: Services | C18: Collecte et transport des matières recyclables dans les lieux publics extérieurs | D18: ='3. Remboursement T4'!$D$46 -> 0 | E18: ='3. Remboursement T4'!$AU$46 -> 0 | F18: 4 | G18: Frais de location | I18: ='3. Remboursement T4'!$AI$49 -> 0
A19: {=T_Déclaration_CTRI_Hdr[Q_Key]} -> 2025|0|0|CTRI | B19: Services | C19: Collecte et transport des matières recyclables dans les lieux publics extérieurs | D19: ='3. Remboursement T4'!$D$46 -> 0 | E19: ='3. Remboursement T4'!$AU$46 -> 0 | F19: 4 | G19: Amortissement annuel des immobilisations | I19: ='3. Remboursement T4'!$AI$50 -> 0
A20: {=T_Déclaration_CTRI_Hdr[Q_Key]} -> 2025|0|0|CTRI | B20: Services | C20: Collecte et transport des matières recyclables dans les lieux publics extérieurs | D20: ='3. Remboursement T4'!$D$46 -> 0 | E20: ='3. Remboursement T4'!$AU$46 -> 0 | F20: 4 | G20: Frais de financement des immobilisations | I20: ='3. Remboursement T4'!$AI$51 -> 0
A21: {=T_Déclaration_CTRI_Hdr[Q_Key]} -> 2025|0|0|CTRI | B21: Services | C21: Collecte et transport des matières recyclables dans les lieux publics extérieurs | D21: ='3. Remboursement T4'!$D$46 -> 0 | E21: ='3. Remboursement T4'!$AU$46 -> 0 | F21: 4 | G21: Part de la TVQ non remboursée par le gouvernement provincial | I21: ='3. Remboursement T4'!$AI$52 -> 0
A22: {=T_Déclaration_CTRI_Hdr[Q_Key]} -> 2025|0|0|CTRI | B22: Services | C22: Transbordement | D22: ='3. Remboursement T4'!$D$58 -> 0 | E22: ='3. Remboursement T4'!$AU$58 -> 0 | F22: 4 | G22: Rémunération et charges sociales | I22: ='3. Remboursement T4'!$AI$59 -> 0
A23: {=T_Déclaration_CTRI_Hdr[Q_Key]} -> 2025|0|0|CTRI | B23: Services | C23: Transbordement | D23: ='3. Remboursement T4'!$D$58 -> 0 | E23: ='3. Remboursement T4'!$AU$58 -> 0 | F23: 4 | G23: Frais de fonctionnement | I23: ='3. Remboursement T4'!$AI$60 -> 0
A24: {=T_Déclaration_CTRI_Hdr[Q_Key]} -> 2025|0|0|CTRI | B24: Services | C24: Transbordement | D24: ='3. Remboursement T4'!$D$58 -> 0 | E24: ='3. Remboursement T4'!$AU$58 -> 0 | F24: 4 | G24: Frais de location | I24: ='3. Remboursement T4'!$AI$61 -> 0
A25: {=T_Déclaration_CTRI_Hdr[Q_Key]} -> 2025|0|0|CTRI | B25: Services | C25: Transbordement | D25: ='3. Remboursement T4'!$D$58 -> 0 | E25: ='3. Remboursement T4'!$AU$58 -> 0 | F25: 4 | G25: Amortissement annuel des immobilisations | I25: ='3. Remboursement T4'!$AI$62 -> 0
A26: {=T_Déclaration_CTRI_Hdr[Q_Key]} -> 2025|0|0|CTRI | B26: Services | C26: Transbordement | D26: ='3. Remboursement T4'!$D$58 -> 0 | E26: ='3. Remboursement T4'!$AU$58 -> 0 | F26: 4 | G26: Frais de financement des immobilisations | I26: ='3. Remboursement T4'!$AI$63 -> 0
A27: {=T_Déclaration_CTRI_Hdr[Q_Key]} -> 2025|0|0|CTRI | B27: Services | C27: Transbordement | D27: ='3. Remboursement T4'!$D$58 -> 0 | E27: ='3. Remboursement T4'!$AU$58 -> 0 | F27: 4 | G27: Part de la TVQ non remboursée par le gouvernement provincial | I27: ='3. Remboursement T4'!$AI$64 -> 0
A28: {=T_Déclaration_CTRI_Hdr[Q_Key]} -> 2025|0|0|CTRI | B28: Services | C28: Transport post transbordement | D28: ='3. Remboursement T4'!$D$69 -> 0 | E28: ='3. Remboursement T4'!$AU$69 -> 0 | F28: 4 | G28: Rémunération et charges sociales | I28: ='3. Remboursement T4'!$AI$70 -> 0
A29: {=T_Déclaration_CTRI_Hdr[Q_Key]} -> 2025|0|0|CTRI | B29: Services | C29: Transport post transbordement | D29: ='3. Remboursement T4'!$D$69 -> 0 | E29: ='3. Remboursement T4'!$AU$69 -> 0 | F29: 4 | G29: Frais de fonctionnement | I29: ='3. Remboursement T4'!$AI$71 -> 0
A30: {=T_Déclaration_CTRI_Hdr[Q_Key]} -> 2025|0|0|CTRI | B30: Services | C30: Transport post transbordement | D30: ='3. Remboursement T4'!$D$69 -> 0 | E30: ='3. Remboursement T4'!$AU$69 -> 0 | F30: 4 | G30: Frais de location | I30: ='3. Remboursement T4'!$AI$72 -> 0
A31: {=T_Déclaration_CTRI_Hdr[Q_Key]} -> 2025|0|0|CTRI | B31: Services | C31: Transport post transbordement | D31: ='3. Remboursement T4'!$D$69 -> 0 | E31: ='3. Remboursement T4'!$AU$69 -> 0 | F31: 4 | G31: Amortissement annuel des immobilisations | I31: ='3. Remboursement T4'!$AI$73 -> 0
A32: {=T_Déclaration_CTRI_Hdr[Q_Key]} -> 2025|0|0|CTRI | B32: Services | C32: Transport post transbordement | D32: ='3. Remboursement T4'!$D$69 -> 0 | E32: ='3. Remboursement T4'!$AU$69 -> 0 | F32: 4 | G32: Frais de financement des immobilisations | I32: ='3. Remboursement T4'!$AI$74 -> 0
A33: {=T_Déclaration_CTRI_Hdr[Q_Key]} -> 2025|0|0|CTRI | B33: Services | C33: Transport post transbordement | D33: ='3. Remboursement T4'!$D$69 -> 0 | E33: ='3. Remboursement T4'!$AU$69 -> 0 | F33: 4 | G33: Part de la TVQ non remboursée par le gouvernement provincial | I33: ='3. Remboursement T4'!$AI$75 -> 0
A34: {=T_Déclaration_CTRI_Hdr[Q_Key]} -> 2025|0|0|CTRI | B34: Services | C34: Collecte et transport des matières recyclables récupérées dans les écocentres (contenants aérosols vides, contenants ou emballages de protection en polystyrène expansé, carton ondulé, contenents en verre, matières pêle-mêle) | D34: ='3. Remboursement T4'!$D$80 -> 0 | E34: ='3. Remboursement T4'!$AU$80 -> 0 | F34: 4 | G34: Rémunération et charges sociales | I34: ='3. Remboursement T4'!$AI$83 -> 0
A35: {=T_Déclaration_CTRI_Hdr[Q_Key]} -> 2025|0|0|CTRI | B35: Services | C35: Collecte et transport des matières recyclables récupérées dans les écocentres (contenants aérosols vides, contenants ou emballages de protection en polystyrène expansé, carton ondulé, contenents en verre, matières pêle-mêle) | D35: ='3. Remboursement T4'!$D$80 -> 0 | E35: ='3. Remboursement T4'!$AU$80 -> 0 | F35: 4 | G35: Frais de fonctionnement | I35: ='3. Remboursement T4'!$AI$84 -> 0
A36: {=T_Déclaration_CTRI_Hdr[Q_Key]} -> 2025|0|0|CTRI | B36: Services | C36: Collecte et transport des matières recyclables récupérées dans les écocentres (contenants aérosols vides, contenants ou emballages de protection en polystyrène expansé, carton ondulé, contenents en verre, matières pêle-mêle) | D36: ='3. Remboursement T4'!$D$80 -> 0 | E36: ='3. Remboursement T4'!$AU$80 -> 0 | F36: 4 | G36: Frais de location | I36: ='3. Remboursement T4'!$AI$85 -> 0
A37: {=T_Déclaration_CTRI_Hdr[Q_Key]} -> 2025|0|0|CTRI | B37: Services | C37: Collecte et transport des matières recyclables récupérées dans les écocentres (contenants aérosols vides, contenants ou emballages de protection en polystyrène expansé, carton ondulé, contenents en verre, matières pêle-mêle) | D37: ='3. Remboursement T4'!$D$80 -> 0 | E37: ='3. Remboursement T4'!$AU$80 -> 0 | F37: 4 | G37: Amortissement annuel des immobilisations | I37: ='3. Remboursement T4'!$AI$86 -> 0
A38: {=T_Déclaration_CTRI_Hdr[Q_Key]} -> 2025|0|0|CTRI | B38: Services | C38: Collecte et transport des matières recyclables récupérées dans les écocentres (contenants aérosols vides, contenants ou emballages de protection en polystyrène expansé, carton ondulé, contenents en verre, matières pêle-mêle) | D38: ='3. Remboursement T4'!$D$80 -> 0 | E38: ='3. Remboursement T4'!$AU$80 -> 0 | F38: 4 | G38: Frais de financement des immobilisations | I38: ='3. Remboursement T4'!$AI$87 -> 0
A39: {=T_Déclaration_CTRI_Hdr[Q_Key]} -> 2025|0|0|CTRI | B39: Services | C39: Collecte et transport des matières recyclables récupérées dans les écocentres (contenants aérosols vides, contenants ou emballages de protection en polystyrène expansé, carton ondulé, contenents en verre, matières pêle-mêle) | D39: ='3. Remboursement T4'!$D$80 -> 0 | E39: ='3. Remboursement T4'!$AU$80 -> 0 | F39: 4 | G39: Part de la TVQ non remboursée par le gouvernement provincial | I39: ='3. Remboursement T4'!$AI$88 -> 0
A40: {=T_Déclaration_CTRI_Hdr[Q_Key]} -> 2025|0|0|CTRI | B40: Unités d'occupation | C40: Maisons unifamiliales | D40: ='3. Remboursement T4'!$D$100 -> 0 | F40: 4 | H40: ='3. Remboursement T4'!$AR$100 -> 0
A41: {=T_Déclaration_CTRI_Hdr[Q_Key]} -> 2025|0|0|CTRI | B41: Unités d'occupation | C41: Résidences secondaires | D41: ='3. Remboursement T4'!$D$102 -> 0 | F41: 4 | H41: ='3. Remboursement T4'!$AR$102 -> 0
A42: {=T_Déclaration_CTRI_Hdr[Q_Key]} -> 2025|0|0|CTRI | B42: Unités d'occupation | C42: Multilogements | D42: ='3. Remboursement T4'!$D$104 -> 0 | F42: 4 | H42: ='3. Remboursement T4'!$AR$104 -> 0
A43: {=T_Déclaration_CTRI_Hdr[Q_Key]} -> 2025|0|0|CTRI | B43: Unités d'occupation | C43: Résidences pour personnes âgées | D43: ='3. Remboursement T4'!$D$106 -> 0 | F43: 4 | H43: ='3. Remboursement T4'!$AR$106 -> 0
A44: {=T_Déclaration_CTRI_Hdr[Q_Key]} -> 2025|0|0|CTRI | B44: Unités d'occupation | C44: Institutions d'enseignement (sauf universités) | D44: ='3. Remboursement T4'!$D$108 -> 0 | F44: 4 | H44: ='3. Remboursement T4'!$AR$108 -> 0
A45: {=T_Déclaration_CTRI_Hdr[Q_Key]} -> 2025|0|0|CTRI | B45: Unités d'occupation | C45: Bâtiments municipaux | D45: ='3. Remboursement T4'!$D$110 -> 0 | F45: 4 | H45: ='3. Remboursement T4'!$AR$110 -> 0
A46: {=T_Déclaration_CTRI_Hdr[Q_Key]} -> 2025|0|0|CTRI | B46: Unités d'occupation | C46: Industries, Commerces et institutions assimilables | D46: ='3. Remboursement T4'!$D$112 -> 0 | F46: 4 | H46: ='3. Remboursement T4'!$AR$112 -> 0
A47: {=T_Déclaration_CTRI_Hdr[Q_Key]} -> 2025|0|0|CTRI | B47: Unités d'occupation | C47: Industries, Commerces et institutions non assimilables | D47: ='3. Remboursement T4'!$D$114 -> 0 | F47: 4 | H47: ='3. Remboursement T4'!$AR$114 -> 0
A48: {=T_Déclaration_CTRI_Hdr[Q_Key]} -> 2025|0|0|CTRI | B48: Unités d'occupation | C48: Conteneurs ou bacs de lieux publics extérieurs | D48: ='3. Remboursement T4'!$D$116 -> 0 | F48: 4 | H48: ='3. Remboursement T4'!$AR$116 -> 0
A49: {=T_Déclaration_CTRI_Hdr[Q_Key]} -> 2025|0|0|CTRI | B49: Unités d'occupation | C49: Écocentres / autres points d'apport volontaire | D49: ='3. Remboursement T4'!$D$118 -> 0 | F49: 4 | H49: ='3. Remboursement T4'!$AR$118 -> 0
A50: {=T_Déclaration_CTRI_Hdr[Q_Key]} -> 2025|0|0|CTRI | B50: Unités d'occupation | C50: Autres | D50: ='3. Remboursement T4'!$D$121 -> 0 | F50: 4
A51: {=T_Déclaration_CTRI_Hdr[Q_Key]} -> 2025|0|0|CTRI | B51: Commentaire | D51: ='3. Remboursement T4'!$D$155 -> 0 | F51: 4
A52: {=T_Déclaration_CTRI_Hdr[Q_Key]} -> 2025|0|0|CTRI | B52: Services | C52: Collecte et transport des matières recyclables en porte-à-porte | D52: ='2. Remboursement T1, T2, T3'!$D$35 -> 0 | E52: ='2. Remboursement T1, T2, T3'!$AU$35 -> 0 | F52: 1 | G52: Rémunération et charges sociales | I52: ='2. Remboursement T1, T2, T3'!$AI36 -> 0
A53: {=T_Déclaration_CTRI_Hdr[Q_Key]} -> 2025|0|0|CTRI | B53: Services | C53: Collecte et transport des matières recyclables en porte-à-porte | D53: ='2. Remboursement T1, T2, T3'!$D$35 -> 0 | E53: ='2. Remboursement T1, T2, T3'!$AU$35 -> 0 | F53: 1 | G53: Frais de fonctionnement | I53: ='2. Remboursement T1, T2, T3'!$AI37 -> 0
A54: {=T_Déclaration_CTRI_Hdr[Q_Key]} -> 2025|0|0|CTRI | B54: Services | C54: Collecte et transport des matières recyclables en porte-à-porte | D54: ='2. Remboursement T1, T2, T3'!$D$35 -> 0 | E54: ='2. Remboursement T1, T2, T3'!$AU$35 -> 0 | F54: 1 | G54: Frais de location | I54: ='2. Remboursement T1, T2, T3'!$AI38 -> 0
A55: {=T_Déclaration_CTRI_Hdr[Q_Key]} -> 2025|0|0|CTRI | B55: Services | C55: Collecte et transport des matières recyclables en porte-à-porte | D55: ='2. Remboursement T1, T2, T3'!$D$35 -> 0 | E55: ='2. Remboursement T1, T2, T3'!$AU$35 -> 0 | F55: 1 | G55: Amortissement annuel des immobilisations | I55: ='2. Remboursement T1, T2, T3'!$AI39 -> 0
A56: {=T_Déclaration_CTRI_Hdr[Q_Key]} -> 2025|0|0|CTRI | B56: Services | C56: Collecte et transport des matières recyclables en porte-à-porte | D56: ='2. Remboursement T1, T2, T3'!$D$35 -> 0 | E56: ='2. Remboursement T1, T2, T3'!$AU$35 -> 0 | F56: 1 | G56: Frais de financement des immobilisations | I56: ='2. Remboursement T1, T2, T3'!$AI40 -> 0
A57: {=T_Déclaration_CTRI_Hdr[Q_Key]} -> 2025|0|0|CTRI | B57: Services | C57: Collecte et transport des matières recyclables en porte-à-porte | D57: ='2. Remboursement T1, T2, T3'!$D$35 -> 0 | E57: ='2. Remboursement T1, T2, T3'!$AU$35 -> 0 | F57: 1 | G57: Part de la TVQ non remboursée par le gouvernement provincial | I57: ='2. Remboursement T1, T2, T3'!$AI41 -> 0
A58: {=T_Déclaration_CTRI_Hdr[Q_Key]} -> 2025|0|0|CTRI | B58: Services | C58: Collecte et transport des matières recyclables dans les lieux publics extérieurs | D58: ='2. Remboursement T1, T2, T3'!$D$47 -> 0 | E58: ='2. Remboursement T1, T2, T3'!$AU$47 -> 0 | F58: 1 | G58: Rémunération et charges sociales | I58: ='2. Remboursement T1, T2, T3'!$AI$48 -> 0
A59: {=T_Déclaration_CTRI_Hdr[Q_Key]} -> 2025|0|0|CTRI | B59: Services | C59: Collecte et transport des matières recyclables dans les lieux publics extérieurs | D59: ='2. Remboursement T1, T2, T3'!$D$47 -> 0 | E59: ='2. Remboursement T1, T2, T3'!$AU$47 -> 0 | F59: 1 | G59: Frais de fonctionnement | I59: ='2. Remboursement T1, T2, T3'!$AI$49 -> 0
A60: {=T_Déclaration_CTRI_Hdr[Q_Key]} -> 2025|0|0|CTRI | B60: Services | C60: Collecte et transport des matières recyclables dans les lieux publics extérieurs | D60: ='2. Remboursement T1, T2, T3'!$D$47 -> 0 | E60: ='2. Remboursement T1, T2, T3'!$AU$47 -> 0 | F60: 1 | G60: Frais de location | I60: ='2. Remboursement T1, T2, T3'!$AI$50 -> 0
A61: {=T_Déclaration_CTRI_Hdr[Q_Key]} -> 2025|0|0|CTRI | B61: Services | C61: Collecte et transport des matières recyclables dans les lieux publics extérieurs | D61: ='2. Remboursement T1, T2, T3'!$D$47 -> 0 | E61: ='2. Remboursement T1, T2, T3'!$AU$47 -> 0 | F61: 1 | G61: Amortissement annuel des immobilisations | I61: ='2. Remboursement T1, T2, T3'!$AI$51 -> 0
A62: {=T_Déclaration_CTRI_Hdr[Q_Key]} -> 2025|0|0|CTRI | B62: Services | C62: Collecte et transport des matières recyclables dans les lieux publics extérieurs | D62: ='2. Remboursement T1, T2, T3'!$D$47 -> 0 | E62: ='2. Remboursement T1, T2, T3'!$AU$47 -> 0 | F62: 1 | G62: Frais de financement des immobilisations | I62: ='2. Remboursement T1, T2, T3'!$AI$52 -> 0
A63: {=T_Déclaration_CTRI_Hdr[Q_Key]} -> 2025|0|0|CTRI | B63: Services | C63: Collecte et transport des matières recyclables dans les lieux publics extérieurs | D63: ='2. Remboursement T1, T2, T3'!$D$47 -> 0 | E63: ='2. Remboursement T1, T2, T3'!$AU$47 -> 0 | F63: 1 | G63: Part de la TVQ non remboursée par le gouvernement provincial | I63: ='2. Remboursement T1, T2, T3'!$AI$53 -> 0
A64: {=T_Déclaration_CTRI_Hdr[Q_Key]} -> 2025|0|0|CTRI | B64: Services | C64: Transbordement | D64: ='2. Remboursement T1, T2, T3'!$D$59 -> 0 | E64: ='2. Remboursement T1, T2, T3'!$AU$59 -> 0 | F64: 1 | G64: Rémunération et charges sociales | I64: ='2. Remboursement T1, T2, T3'!$AI$60 -> 0
A65: {=T_Déclaration_CTRI_Hdr[Q_Key]} -> 2025|0|0|CTRI | B65: Services | C65: Transbordement | D65: ='2. Remboursement T1, T2, T3'!$D$59 -> 0 | E65: ='2. Remboursement T1, T2, T3'!$AU$59 -> 0 | F65: 1 | G65: Frais de fonctionnement | I65: ='2. Remboursement T1, T2, T3'!$AI$61 -> 0
A66: {=T_Déclaration_CTRI_Hdr[Q_Key]} -> 2025|0|0|CTRI | B66: Services | C66: Transbordement | D66: ='2. Remboursement T1, T2, T3'!$D$59 -> 0 | E66: ='2. Remboursement T1, T2, T3'!$AU$59 -> 0 | F66: 1 | G66: Frais de location | I66: ='2. Remboursement T1, T2, T3'!$AI$62 -> 0
A67: {=T_Déclaration_CTRI_Hdr[Q_Key]} -> 2025|0|0|CTRI | B67: Services | C67: Transbordement | D67: ='2. Remboursement T1, T2, T3'!$D$59 -> 0 | E67: ='2. Remboursement T1, T2, T3'!$AU$59 -> 0 | F67: 1 | G67: Amortissement annuel des immobilisations | I67: ='2. Remboursement T1, T2, T3'!$AI$63 -> 0
A68: {=T_Déclaration_CTRI_Hdr[Q_Key]} -> 2025|0|0|CTRI | B68: Services | C68: Transbordement | D68: ='2. Remboursement T1, T2, T3'!$D$59 -> 0 | E68: ='2. Remboursement T1, T2, T3'!$AU$59 -> 0 | F68: 1 | G68: Frais de financement des immobilisations | I68: ='2. Remboursement T1, T2, T3'!$AI$64 -> 0
A69: {=T_Déclaration_CTRI_Hdr[Q_Key]} -> 2025|0|0|CTRI | B69: Services | C69: Transbordement | D69: ='2. Remboursement T1, T2, T3'!$D$59 -> 0 | E69: ='2. Remboursement T1, T2, T3'!$AU$59 -> 0 | F69: 1 | G69: Part de la TVQ non remboursée par le gouvernement provincial | I69: ='2. Remboursement T1, T2, T3'!$AI$65 -> 0
A70: {=T_Déclaration_CTRI_Hdr[Q_Key]} -> 2025|0|0|CTRI | B70: Services | C70: Transport post transbordement | D70: ='2. Remboursement T1, T2, T3'!$D$70 -> 0 | E70: ='2. Remboursement T1, T2, T3'!$AU$70 -> 0 | F70: 1 | G70: Rémunération et charges sociales | I70: ='2. Remboursement T1, T2, T3'!$AI$71 -> 0
A71: {=T_Déclaration_CTRI_Hdr[Q_Key]} -> 2025|0|0|CTRI | B71: Services | C71: Transport post transbordement | D71: ='2. Remboursement T1, T2, T3'!$D$70 -> 0 | E71: ='2. Remboursement T1, T2, T3'!$AU$70 -> 0 | F71: 1 | G71: Frais de fonctionnement | I71: ='2. Remboursement T1, T2, T3'!$AI$72 -> 0
A72: {=T_Déclaration_CTRI_Hdr[Q_Key]} -> 2025|0|0|CTRI | B72: Services | C72: Transport post transbordement | D72: ='2. Remboursement T1, T2, T3'!$D$70 -> 0 | E72: ='2. Remboursement T1, T2, T3'!$AU$70 -> 0 | F72: 1 | G72: Frais de location | I72: ='2. Remboursement T1, T2, T3'!$AI$73 -> 0
A73: {=T_Déclaration_CTRI_Hdr[Q_Key]} -> 2025|0|0|CTRI | B73: Services | C73: Transport post transbordement | D73: ='2. Remboursement T1, T2, T3'!$D$70 -> 0 | E73: ='2. Remboursement T1, T2, T3'!$AU$70 -> 0 | F73: 1 | G73: Amortissement annuel des immobilisations | I73: ='2. Remboursement T1, T2, T3'!$AI$74 -> 0
A74: {=T_Déclaration_CTRI_Hdr[Q_Key]} -> 2025|0|0|CTRI | B74: Services | C74: Transport post transbordement | D74: ='2. Remboursement T1, T2, T3'!$D$70 -> 0 | E74: ='2. Remboursement T1, T2, T3'!$AU$70 -> 0 | F74: 1 | G74: Frais de financement des immobilisations | I74: ='2. Remboursement T1, T2, T3'!$AI$75 -> 0
A75: {=T_Déclaration_CTRI_Hdr[Q_Key]} -> 2025|0|0|CTRI | B75: Services | C75: Transport post transbordement | D75: ='2. Remboursement T1, T2, T3'!$D$70 -> 0 | E75: ='2. Remboursement T1, T2, T3'!$AU$70 -> 0 | F75: 1 | G75: Part de la TVQ non remboursée par le gouvernement provincial | I75: ='2. Remboursement T1, T2, T3'!$AI$76 -> 0
A76: {=T_Déclaration_CTRI_Hdr[Q_Key]} -> 2025|0|0|CTRI | B76: Services | C76: Collecte et transport des matières recyclables récupérées dans les écocentres (contenants aérosols vides, contenants ou emballages de protection en polystyrène expansé, carton ondulé, contenents en verre, matières pêle-mêle) | D76: ='2. Remboursement T1, T2, T3'!$D$81 -> 0 | E76: ='2. Remboursement T1, T2, T3'!$AU$81 -> 0 | F76: 1 | G76: Rémunération et charges sociales | I76: ='2. Remboursement T1, T2, T3'!$AI$84 -> 0
A77: {=T_Déclaration_CTRI_Hdr[Q_Key]} -> 2025|0|0|CTRI | B77: Services | C77: Collecte et transport des matières recyclables récupérées dans les écocentres (contenants aérosols vides, contenants ou emballages de protection en polystyrène expansé, carton ondulé, contenents en verre, matières pêle-mêle) | D77: ='2. Remboursement T1, T2, T3'!$D$81 -> 0 | E77: ='2. Remboursement T1, T2, T3'!$AU$81 -> 0 | F77: 1 | G77: Frais de fonctionnement | I77: ='2. Remboursement T1, T2, T3'!$AI$85 -> 0
A78: {=T_Déclaration_CTRI_Hdr[Q_Key]} -> 2025|0|0|CTRI | B78: Services | C78: Collecte et transport des matières recyclables récupérées dans les écocentres (contenants aérosols vides, contenants ou emballages de protection en polystyrène expansé, carton ondulé, contenents en verre, matières pêle-mêle) | D78: ='2. Remboursement T1, T2, T3'!$D$81 -> 0 | E78: ='2. Remboursement T1, T2, T3'!$AU$81 -> 0 | F78: 1 | G78: Frais de location | I78: ='2. Remboursement T1, T2, T3'!$AI$86 -> 0
A79: {=T_Déclaration_CTRI_Hdr[Q_Key]} -> 2025|0|0|CTRI | B79: Services | C79: Collecte et transport des matières recyclables récupérées dans les écocentres (contenants aérosols vides, contenants ou emballages de protection en polystyrène expansé, carton ondulé, contenents en verre, matières pêle-mêle) | D79: ='2. Remboursement T1, T2, T3'!$D$81 -> 0 | E79: ='2. Remboursement T1, T2, T3'!$AU$81 -> 0 | F79: 1 | G79: Amortissement annuel des immobilisations | I79: ='2. Remboursement T1, T2, T3'!$AI$87 -> 0
A80: {=T_Déclaration_CTRI_Hdr[Q_Key]} -> 2025|0|0|CTRI | B80: Services | C80: Collecte et transport des matières recyclables récupérées dans les écocentres (contenants aérosols vides, contenants ou emballages de protection en polystyrène expansé, carton ondulé, contenents en verre, matières pêle-mêle) | D80: ='2. Remboursement T1, T2, T3'!$D$81 -> 0 | E80: ='2. Remboursement T1, T2, T3'!$AU$81 -> 0 | F80: 1 | G80: Frais de financement des immobilisations | I80: ='2. Remboursement T1, T2, T3'!$AI$88 -> 0
A81: {=T_Déclaration_CTRI_Hdr[Q_Key]} -> 2025|0|0|CTRI | B81: Services | C81: Collecte et transport des matières recyclables récupérées dans les écocentres (contenants aérosols vides, contenants ou emballages de protection en polystyrène expansé, carton ondulé, contenents en verre, matières pêle-mêle) | D81: ='2. Remboursement T1, T2, T3'!$D$81 -> 0 | E81: ='2. Remboursement T1, T2, T3'!$AU$81 -> 0 | F81: 1 | G81: Part de la TVQ non remboursée par le gouvernement provincial | I81: ='2. Remboursement T1, T2, T3'!$AI$89 -> 0
A82: {=T_Déclaration_CTRI_Hdr[Q_Key]} -> 2025|0|0|CTRI | B82: Unités d'occupation | C82: Maisons unifamiliales | D82: ='2. Remboursement T1, T2, T3'!$D$101 -> 0 | F82: 1 | H82: ='2. Remboursement T1, T2, T3'!$AR$101 -> 0
A83: {=T_Déclaration_CTRI_Hdr[Q_Key]} -> 2025|0|0|CTRI | B83: Unités d'occupation | C83: Résidences secondaires | D83: ='2. Remboursement T1, T2, T3'!$D$103 -> 0 | F83: 1 | H83: ='2. Remboursement T1, T2, T3'!$AR$103 -> 0
A84: {=T_Déclaration_CTRI_Hdr[Q_Key]} -> 2025|0|0|CTRI | B84: Unités d'occupation | C84: Multilogements | D84: ='2. Remboursement T1, T2, T3'!$D$105 -> 0 | F84: 1 | H84: ='2. Remboursement T1, T2, T3'!$AR$105 -> 0
A85: {=T_Déclaration_CTRI_Hdr[Q_Key]} -> 2025|0|0|CTRI | B85: Unités d'occupation | C85: Résidences pour personnes âgées | D85: ='2. Remboursement T1, T2, T3'!$D$107 -> 0 | F85: 1 | H85: ='2. Remboursement T1, T2, T3'!$AR$107 -> 0
A86: {=T_Déclaration_CTRI_Hdr[Q_Key]} -> 2025|0|0|CTRI | B86: Unités d'occupation | C86: Institutions d'enseignement (sauf universités) | D86: ='2. Remboursement T1, T2, T3'!$D$109 -> 0 | F86: 1 | H86: ='2. Remboursement T1, T2, T3'!$AR$109 -> 0
A87: {=T_Déclaration_CTRI_Hdr[Q_Key]} -> 2025|0|0|CTRI | B87: Unités d'occupation | C87: Bâtiments municipaux | D87: ='2. Remboursement T1, T2, T3'!$D$111 -> 0 | F87: 1 | H87: ='2. Remboursement T1, T2, T3'!$AR$111 -> 0
A88: {=T_Déclaration_CTRI_Hdr[Q_Key]} -> 2025|0|0|CTRI | B88: Unités d'occupation | C88: Industries, Commerces et institutions assimilables | D88: ='2. Remboursement T1, T2, T3'!$D$113 -> 0 | F88: 1 | H88: ='2. Remboursement T1, T2, T3'!$AR$113 -> 0
A89: {=T_Déclaration_CTRI_Hdr[Q_Key]} -> 2025|0|0|CTRI | B89: Unités d'occupation | C89: Industries, Commerces et institutions non assimilables | D89: ='2. Remboursement T1, T2, T3'!$D$115 -> 0 | F89: 1 | H89: ='2. Remboursement T1, T2, T3'!$AR$115 -> 0
A90: {=T_Déclaration_CTRI_Hdr[Q_Key]} -> 2025|0|0|CTRI | B90: Unités d'occupation | C90: Conteneurs ou bacs de lieux publics extérieurs | D90: ='2. Remboursement T1, T2, T3'!$D$117 -> 0 | F90: 1 | H90: ='2. Remboursement T1, T2, T3'!$AR$117 -> 0
A91: {=T_Déclaration_CTRI_Hdr[Q_Key]} -> 2025|0|0|CTRI | B91: Unités d'occupation | C91: Écocentres / autres points d'apport volontaire | D91: ='2. Remboursement T1, T2, T3'!$D$119 -> 0 | F91: 1 | H91: ='2. Remboursement T1, T2, T3'!$AR$119 -> 0
A92: {=T_Déclaration_CTRI_Hdr[Q_Key]} -> 2025|0|0|CTRI | B92: Unités d'occupation | C92: Autres | D92: ='2. Remboursement T1, T2, T3'!$D$122 -> 0 | F92: 1
A93: {=T_Déclaration_CTRI_Hdr[Q_Key]} -> 2025|0|0|CTRI | B93: Commentaire | D93: ='2. Remboursement T1, T2, T3'!$D$149 -> 0 | F93: 1
